 Dungeon Crawl Stone Soup version 0.14.0-26-g1682e81 (webtiles) character file.

96712 Heini the Executioner (level 16, -2/149 HPs)
             Began as a Hill Orc Fighter on Apr 27, 2014.
             Was the Champion of Okawaru.
             Blown up by an orb spider (33 damage)
             ... with an orb of destruction
             ... on Level 5 of the Spider Nest.
             The game lasted 02:46:34 (28378 turns).

Heini the Executioner (Hill Orc Fighter)           Turns: 28378, Time: 02:46:34

HP  -2/149       AC 32     Str 26      XL: 16   Next:  9%
MP  18/18        EV  8     Int  7      God: Okawaru [******]
Gold 2838        SH  0     Dex 12      Spells:  0 memorised, 15 levels left

rFire  . . .     SeeInvis .     k - +2,+0 executioner's axe (freeze)
rCold  . . .     Clarity  +     i - +1 plate armour
rNeg   + . .     Conserve .     (no shield)
rPois  +         rCorr    .     f - +2 helmet
rElec  +         rRot     .     e - +2 cloak {+Inv}
SustAb . .       Spirit   .     c - +1 pair of gloves "Cleret" {rElec}
rMut   .         Warding  .     Q - +1 pair of boots "Syistria" {Int+1 Dam+5}
Saprov + . .     Stasis   .     m - amulet of clarity
MR     +....                    V - ring of positive energy
                                W - ring of poison resistance

@: somewhat resistant to hostile enchantments, extremely unstealthy
A: talons 1, agile 1, dopey 1, saprovore 1, screaming 1
a: Heroism, Finesse, Renounce Religion, Evoke Invisibility


You were on level 5 of the Spider Nest.
You worshipped Okawaru.
Okawaru was exalted by your worship.
You were not hungry.

You visited 5 branches of the dungeon, and saw 27 of its levels.
You also visited: Bailey and Volcano.

You collected 2838 gold pieces.

Inventory:

Hand weapons
 k - a +2,+0 executioner's axe of freezing (weapon)
 n - a +3,+0 broad axe of electrocution
 y - a +2,+2 war axe of flaming
Armour
 c - the +1 pair of gloves "Cleret" (worn) {rElec}
   (Okawaru gifted it to you on level 3 of the Orcish Mines)

   It insulates you from electricity.
 e - a +2 cloak of darkness (worn)
 f - a +2 helmet (worn)
 i - a +1 plate armour (worn)
 I - a +1 shield of protection
 Q - the +1 pair of boots "Syistria" (worn) {Int+1 Dam+5}
   (You acquired it on level 4 of the Lair of Beasts)

   It affects your intelligence (+1).
   It affects your damage with ranged weapons and melee attacks (+5).
Magical devices
 a - a wand of draining (5)
 b - a wand of digging (19)
 t - a wand of cold (8) {unknown}
 K - a wand of confusion (10)
 N - a wand of heal wounds (3)
Comestibles
 d - 9 meat rations
 l - 6 apples
 p - 9 bread rations
 r - 12 strawberries
 E - 3 cheeses
 P - a pear
 X - a lemon
 Y - a sausage
Scrolls
 q - 6 scrolls of recharging
 s - 7 scrolls of teleportation
 u - 7 scrolls of remove curse
 v - 4 scrolls of fear
 z - 6 scrolls of fog
 B - a scroll of blinking
 F - 2 scrolls of magic mapping
 L - a scroll of enchant weapon I
 R - a scroll of identify
Jewellery
 h - an uncursed amulet of guardian spirit
 m - an amulet of clarity (around neck)
 C - a +2 ring of protection
 H - an uncursed amulet of resist mutation
 V - a ring of positive energy (right hand)
 W - a ring of poison resistance (left hand)
Potions
 g - 3 potions of haste
 j - 4 potions of brilliance
 o - a potion of resistance {unknown}
 w - 8 potions of curing
 A - 2 potions of invisibility
 D - 2 potions of berserk rage
 G - a potion of cure mutation
 J - a potion of restore abilities
 M - 5 potions of agility
 S - a potion of magic
 T - 2 potions of porridge
 Z - 8 potions of heal wounds
Books
 O - a book of Hinderance

   Spells                             Type                      Level
   Confusing Touch                    Hexes                        1
   Confuse                            Hexes                        3
   Petrify                            Transmutation/Earth          4
   Leda's Liquefaction                Hexes/Earth                  4
   Metabolic Englaciation             Hexes/Ice                    5
   Summon Mana Viper                  Hexes/Summoning              5
Miscellaneous
 x - a plain deck of defence


   Skills:
 + Level 15.5 Fighting
 + Level 21.8 Axes
 + Level 18.9 Armour
 - Level 1.9 Dodging
 - Level 0.3 Stealth
   Level 7.0 Shields
 - Level 1.0 Invocations
 - Level 0.4 Evocations


You had 15 spell levels left.
You didn't know any spells.

Dungeon Overview and Level Annotations

Branches:
Dungeon (9/15)             Temple (1/1) D:4             Orc (4/4) D:9
    Elf (0/3) Orc:4          Lair (8/8) D:9          Shoals (0/5) Lair:4
 Spider (5/5) Lair:5        Slime (0/6) Lair:7

Altars:
Ashenzari
Cheibriados
Dithmenos
Elyvilon
Fedhas
Kikubaaqudgha
Makhleb
Nemelex Xobeh
Okawaru
Sif Muna
Trog
Vehumet
Xom
Yredelemnul
Zin
The Shining One
Beogh
Jiyva

Shops:
Orc:1 (   Orc:4 *[(=


Innate Abilities, Weirdness & Mutations

You can tolerate rotten meat.
You have sharp toenails.
You are agile. (Dex +2)
You are dopey. (Int -2)
You occasionally shout uncontrollably.


Message History

You hear a grinding noise.
You climb downwards.
The orb spider hisses angrily.
The orb spider weaves a glowing orb of energy.
There is a stone staircase leading up here.
The orb of destruction hits you!
The orb spider pulsates with a strange energy.
The orb spider weaves a glowing orb of energy.
The orb spider spins a strand of pure energy.
The orb of destruction hits you!
The orb spider weaves a glowing orb of energy.
The orb spider weaves a glowing orb of energy.
The wavering orb of destruction hits you!
* * * LOW HITPOINT WARNING * * *
The orb spider spins a strand of pure energy.
You slice the orb spider!! You freeze the orb spider!
You kill the orb spider!
Okawaru accepts your kill. The orb of destruction hits you!
You die...

....#....## ^≈#^.^^^≈^^..^≈^
....###...## #≈^≈≈....%......^
...^....^..##########....#..#....
.............^..^..#.^^^.........
##.................###......§....
...#.................s......s#...
.........#.#.......§§§.......#...
................§§§..........#...
................@............##.$
.....................#........##^
..............<.<..............##
...^..........................^..
..###^..##.##.......#^.........#.
#.........^...^.....#...........
....................#..........
...................##.........
..........^.^..^...#^........


You could see an orb spider.

Vanquished Creatures
  A ghost moth (Spider:4)
  An orc warlord (Orc:4)
  2 emperor scorpions
  Gastronok (Lair:1)
  2 hydras (Lair:8)
  Harold (Lair:1)
  A deep troll shaman (Lair:8)
  The ghost of Heini the Cleaver, an experienced HOFi of Okawaru (Bailey)
  13 death yaks
  An orc high priest (Orc:4)
  Nergalle (Lair:1)
  A catoblepas (Lair:8)
  13 orb spiders
  5 orc knights
  Joseph (D:9)
  3 orc sorcerers
  3 cyclopes
  17 wolf spiders
  2 red wasps
  24 elephants
  6 black mambas
  A feature mimic (Lair:2)
  Psyche (Orc:3)
  A queen ant (Lair:1)
  11 spiny frogs
  10 demonic crawlers
  3 fire drakes
  A blue devil (Orc:4)
  7 komodo dragons
  14 jumping spiders
  A polar bear (Lair:8)
  8 blink frogs
  A two-headed ogre (D:8)
  A snapping turtle (Lair:4)
  A boulder beetle (Spider:3)
  3 grizzly bears
  28 redbacks
  A wyvern (Lair:7)
  11 trapdoor spiders
  6 hippogriffs
  8 yaks
  2 elephant slugs
  A toenail golem (Volcano)
  Eustachio (D:7)
  15 tarantellas
  10 sharks
  A hungry ghost (D:6)
  A hill giant skeleton (D:7)
  5 wargs
  8 wolves (Lair:8)
  20 soldier ants (Lair:1)
  9 water moccasins
  An ice beast (D:9)
  A yellow wasp (D:9)
  7 giant goldfish
  A swamp drake (D:9)
  12 porcupines
  10 spiders
  2 black bears
  33 orc warriors
  3 phantoms
  10 crocodiles
  An ogre (Orc:2)
  A boring beetle (Lair:8)
  Duvessa (D:6)
  2 centaurs
  11 giant frogs
  6 giant slugs
  3 scorpions
  3 electric eels
  3 wights (D:7)
  A goliath beetle (Spider:3)
  A troll skeleton (D:8)
  Dowan (D:6)
  2 hippogriff skeletons
  4 crimson imps
  A jelly (D:6)
  2 quasits
  28 orc priests
  9 hounds
  7 iguanas
  3 big fish
  41 orc wizards
  14 spectral orcs (Lair:1)
  10 sheep (Lair:3)
  21 worker ants
  Ijyb (D:2)
  48 green rats
  21 adders
  2 shadow imps
  A white imp (D:7)
  5 worms
  An adder skeleton (D:4)
  An adder zombie (D:6)
  5 orc zombies
  2 giant eyeballs
  8 giant geckos
  An ooze (D:1)
  204 orcs
  A bat zombie (D:7)
  8 giant cockroaches
  14 hobgoblins
  25 jackals
  10 quokkas
  A ball python (D:1)
  32 bats
  9 giant newts
  17 goblins
  2 hobgoblin skeletons
  9 kobolds
  A kobold zombie (D:5)
  2 orc skeletons
  26 rats
  A rat skeleton (D:4)
  A bush (Lair:2)
  6 fungi
  6 plants
1018 creatures vanquished.

Vanquished Creatures (others)
  A tarantella (Spider:5)
  3 fungi
4 creatures vanquished.

Grand Total: 1022 creatures vanquished

Notes
Turn   | Place    | Note
--------------------------------------------------------------
     0 | D:1      | Heini, the Hill Orc Fighter, began the quest for the Orb.
     0 | D:1      | Reached XP level 1. HP: 19/19 MP: 1/1
   103 | D:1      | Reached XP level 2. HP: 24/27 MP: 2/2
   567 | D:2      | Reached XP level 3. HP: 20/33 MP: 3/3
   592 | D:2      | Reached skill level 4 in Shields
   883 | D:2      | Noticed Ijyb
   954 | D:2      | Killed Ijyb
   954 | D:2      | Reached XP level 4. HP: 32/40 MP: 4/4
  1555 | D:3      | Reached XP level 5. HP: 46/46 MP: 5/5
  1839 | D:3      | Reached skill level 1 in Dodging
  2191 | D:4      | Reached skill level 5 in Shields
  2191 | D:4      | Reached XP level 6. HP: 31/53 MP: 6/6
  2382 | D:4      | Found a staircase to the Ecumenical Temple.
  2404 | Temple   | Entered the Ecumenical Temple
  2640 | Temple   | Became a worshipper of Warmaster Okawaru
  2717 | D:4      | Reached skill level 5 in Axes
  3126 | D:5      | Entered Level 5 of the Dungeon
  3194 | D:5      | Reached XP level 7. HP: 58/60 MP: 7/7
  3257 | D:5      | Reached skill level 6 in Axes
  3360 | D:5      | Acquired Okawaru's first power
  3372 | D:5      | Reached skill level 5 in Fighting
  3888 | D:6      | Identified a scroll of acquirement
  3911 | D:6      | Reached skill level 5 in Armour
  4008 | D:6      | Reached XP level 8. HP: 68/68 MP: 8/8
  4066 | D:6      | Noticed Dowan
  4067 | D:6      | Noticed Duvessa
  4079 | D:6      | Killed Duvessa
  4079 | D:6      | Reached skill level 7 in Axes
  4081 | D:6      | Killed Dowan
  4559 | D:6      | Noticed a hungry ghost
  4576 | D:6      | Killed a hungry ghost
  4934 | D:7      | Noticed Eustachio
  5073 | D:7      | Killed Eustachio
  5073 | D:7      | Reached skill level 8 in Axes
  5170 | D:7      | Found an ancient bone altar of Kikubaaqudgha.
  5384 | D:7      | Reached XP level 9. HP: 42/78 MP: 9/9
  5457 | D:7      | Found a white marble altar of Elyvilon.
  5521 | D:7      | Found a deep blue altar of Sif Muna.
  5948 | D:8      | Reached skill level 9 in Axes
  6442 | D:8      | Reached skill level 10 in Axes
  6574 | D:9      | Found a flagged portal.
  6578 | D:9      | Noticed a fire drake
  6579 | D:9      | Found a staircase to the Lair.
  6591 | D:9      | Killed a fire drake
  6598 | Bailey   | Entered a bailey
  6707 | Bailey   | Noticed Heini's ghost (experienced HOFi)
  6731 | Bailey   | Killed Heini's ghost
  6731 | Bailey   | Reached skill level 11 in Axes
  6731 | Bailey   | Reached skill level 1 in Invocations
  6731 | Bailey   | Reached XP level 10. HP: 65/88 MP: 8/11
  7327 | Bailey   | Noticed an orc knight
  7347 | Bailey   | Killed an orc knight
  7347 | Bailey   | Reached skill level 12 in Axes
  8034 | D:9      | Noticed Joseph
  8051 | D:9      | Killed Joseph
  8051 | D:9      | Acquired Okawaru's second power
  8051 | D:9      | Reached skill level 10 in Armour
  8321 | D:9      | Found a staircase to the Orcish Mines.
  8910 | Lair:1   | Entered Level 1 of the Lair of Beasts
  8927 | Lair:1   | Noticed Harold
  8951 | Lair:1   | Killed Harold
  8951 | Lair:1   | Reached skill level 13 in Armour
  8951 | Lair:1   | Reached XP level 11. HP: 67/95 MP: 12/12
  9134 | Lair:1   | Noticed Nergalle
  9140 | Lair:1   | Noticed a spectral orc warlord
  9162 | Lair:1   | Killed a spectral orc warlord
  9180 | Lair:1   | Noticed a spectral orc warlord
  9181 | Lair:1   | HP: 4/95 [spectral orc knight/long sword[Nergalle] (4)]
  9188 | Lair:1   | HP: 4/95 [spectral orc warlord/dire flail[Nergalle] (6)]
  9193 | Lair:1   | HP: 4/95 [spectral orc knight/long sword[Nergalle] (3)]
  9194 | Lair:1   | Killed a spectral orc warlord
  9647 | Lair:2   | Reached skill level 14 in Armour
 10226 | Lair:2   | Reached skill level 15 in Armour
 10324 | Lair:2   | You fall through a shaft for 2 floors!
 10373 | Lair:4   | Found a staircase to the Shoals.
 10416 | Lair:4   | Got a pair of transparent boots
 10420 | Lair:4   | Identified the +1 pair of boots "Syistria" {Int+1 Dam+5} (You acquired it on level 4 of the Lair of Beasts)
 10655 | Lair:4   | Reached skill level 16 in Armour
 10937 | Lair:4   | Received a gift from Okawaru
 10938 | Lair:4   | Got an ichor-stained helmet {god gift}
 10942 | Lair:4   | Identified the -4 helmet "Stragum" {rN+} (Okawaru gifted it to you on level 4 of the Lair of Beasts)
 10960 | Lair:4   | Noticed a death yak
 10961 | Lair:4   | Noticed a death yak
 10963 | Lair:4   | Noticed a death yak
 10965 | Lair:4   | Noticed a death yak
 10970 | Lair:4   | HP: 2/95 [black mamba (11)]
 10984 | Lair:3   | HP: 3/95 [black mamba (5)]
 10986 | Lair:3   | HP: 1/95 [black mamba (2)]
 11448 | Lair:3   | Reached skill level 17 in Armour
 11466 | Lair:3   | Reached XP level 12. HP: 94/103 MP: 13/13
 12698 | Lair:2   | Gained mutation: You are dopey. (Int -2) [potion of mutation]
 12698 | Lair:2   | Gained mutation: You have sharp toenails. [potion of mutation]
 12761 | Lair:1   | Gained mutation: You occasionally shout uncontrollably. [potion of mutation]
 12761 | Lair:1   | Gained mutation: You are agile. (Dex +2) [potion of mutation]
 12797 | Lair:1   | Noticed Gastronok
 12798 | Lair:1   | Noticed a black mamba
 12811 | Lair:1   | Killed a black mamba
 12824 | Lair:1   | Killed Gastronok
 13105 | Lair:1   | Received a gift from Okawaru
 13451 | Lair:1   | Reached skill level 10 in Fighting
 13814 | Lair:1   | Killed Nergalle
 14137 | Lair:1   | Received a gift from Okawaru
 14340 | Lair:4   | Killed a death yak
 14340 | Lair:4   | Reached XP level 13. HP: 97/114 MP: 12/15
 14345 | Lair:4   | Killed a death yak
 14345 | Lair:4   | Reached skill level 15 in Axes
 14354 | Lair:4   | Killed a death yak
 14360 | Lair:4   | Killed a death yak
 15017 | Lair:5   | Found a dark tunnel.
 15023 | Volcano  | Entered a volcano
 15058 | Volcano  | HP: 3/116 [hell knight/nerve-wracking pain (12)]
 15470 | Lair:5   | Found a hole to the Spider Nest.
 15941 | Lair:5   | Received a gift from Okawaru
 18028 | Lair:7   | Found a viscous altar of Jiyva.
 18029 | Lair:7   | Found a staircase to the Slime Pits.
 18184 | Lair:8   | Entered Level 8 of the Lair of Beasts
 18477 | Lair:8   | Reached XP level 14. HP: 101/127 MP: 16/16
 18649 | Lair:8   | Received a gift from Okawaru
 18653 | Lair:8   | Reached skill level 18 in Armour
 19705 | Orc:1    | Entered Level 1 of the Orcish Mines
 19705 | Orc:1    | Found Okoom's Weapon Shoppe.
 19772 | Orc:1    | Found a glowing silver altar of Zin.
 19987 | Orc:3    | Reached skill level 19 in Axes
 20451 | Orc:3    | Received a gift from Okawaru
 20452 | Orc:3    | Got a pair of slimy gloves {god gift}
 20455 | Orc:3    | Identified the +1 pair of gloves "Cleret" {rElec} (Okawaru gifted it to you on level 3 of the Orcish Mines)
 20480 | Orc:3    | Noticed Psyche
 20490 | Orc:3    | Killed Psyche
 21206 | Orc:4    | Entered Level 4 of the Orcish Mines
 21360 | Orc:4    | Noticed an orc warlord
 21379 | Orc:4    | Killed an orc warlord
 21502 | Orc:4    | Found a roughly hewn altar of Beogh.
 21568 | Orc:4    | Found Clicriumn's Jewellery Boutique.
 21721 | Orc:4    | Found a staircase to the Elven Halls.
 22104 | Orc:4    | Found Suoqestu's General Store.
 22225 | Orc:4    | Found Saiduy's Antique Armour Boutique.
 22241 | Orc:4    | Found Uqialeg's Antique Weapon Boutique.
 23064 | Spider:1 | Entered Level 1 of the Spider Nest
 23068 | Spider:1 | Reached XP level 15. HP: 138/138 MP: 17/17
 23228 | Spider:1 | Reached skill level 20 in Axes
 24153 | Spider:1 | Received a gift from Okawaru
 25331 | Spider:3 | Reached skill level 21 in Axes
 25788 | Spider:3 | Reached skill level 15 in Fighting
 26526 | Spider:4 | Received a gift from Okawaru
 27038 | Spider:4 | Identified the Volume of Battle Magic and Contamination
 27575 | Spider:5 | Entered Level 5 of the Spider Nest
 27677 | Spider:5 | Reached XP level 16. HP: 113/149 MP: 18/18
 28138 | Spider:4 | Received a gift from Okawaru
 28378 | Spider:5 | Blown up by an orb spider

Action                   |  1- 3 |  4- 6 |  7- 9 | 10-12 | 13-15 | 16-18 || total
-------------------------+-------+-------+-------+-------+-------+-------++-------
Melee: War axe           |   148 |   299 |   338 |   972 |  1609 |    40 ||  3406
       Unarmed           |       |       |    43 |       |       |       ||    43
       Executioner's axe |       |       |       |       |       |     4 ||     4
Invok: Heroism           |       |       |     3 |     2 |     6 |       ||    11
Evoke: Wand              |       |       |     1 |     5 |     3 |       ||     9
  Use: Scroll            |     4 |     5 |    11 |    13 |     9 |     1 ||    43
       Potion            |       |       |       |    13 |     2 |       ||    15
 Stab: Petrified         |       |       |       |       |     2 |       ||     2
